 Dungeon Crawl Stone Soup version 0.25.0-1-g7eea58d2a3 (webtiles) character file.

Game seed: 1872359498381959086

959 MDvedh the Grappler (level 7, -1/71 HPs)
             Began as a Troll Monk on June 13, 2020.
             Was a Priest of the Shining One.
             Slain by a gnoll
             ... wielding a cursed +0 spear
              (3 damage)
             ... on level 5 of the Dungeon.
             The game lasted 00:03:29 (2859 turns).

MDvedh the Grappler (Troll Monk)                    Turns: 2859, Time: 00:03:29

Health: -1/71      AC:  6    Str: 22    XL:     7   Next: 92%
Magic:  6/6        EV: 10    Int:  6    God:    the Shining One [***...]
Gold:   149        SH:  0    Dex: 12    Spells: 6/6 levels left

rFire    . . .     SeeInvis .     - Unarmed
rCold    . . .     Gourm    +   (no shield)
rNeg     + . .     Faith    .   a - +0 robe
rPois    .         Spirit   .   (helmet restricted)
rElec    .         Reflect  .   (no cloak)
rCorr    .         Harm     .   (gloves unavailable)
MR       .....                  (boots unavailable)
Stlth    +.........             f - amulet of regeneration
HPRegen  1.01/turn              (no ring)
MPRegen  0.10/turn              (no ring)

@: glowing
A: large, unfitting armour, claws 3, fast metabolism 3, gourmand, regeneration
1, shaggy fur 1, tough skin 3
a: Divine Shield, Renounce Religion


You were on level 5 of the Dungeon.
You worshipped the Shining One.
The Shining One was most pleased with you.
You were full.

You visited 1 branch of the dungeon, and saw 5 of its levels.

You collected 149 gold pieces.

Inventory:

Armour
 a - a +0 robe (worn)
Jewellery
 f - an amulet of regeneration (around neck)
 j - a cursed -4 ring of dexterity {unknown}
 m - a +6 ring of dexterity {unknown}
Wands
 o - a wand of flame (13)
Scrolls
 c - a scroll of amnesia {unknown}
 d - a scroll of enchant armour {unknown}
 e - 11 scrolls of identify {unknown}
 g - 5 scrolls of teleportation {unknown}
 h - 2 scrolls of remove curse {unknown}
 i - a scroll of fog {unknown}
 n - 3 scrolls of enchant weapon {unknown}
 p - 2 scrolls of fear {unknown}
 r - a scroll of blinking {unknown}
Potions
 k - a potion of degeneration
 l - a potion of cancellation {unknown}
 q - a potion of magic {unknown}
 s - a potion of ambrosia {unknown}
 t - a potion of flight {unknown}
Comestibles
 b - 6 rations


   Skills:
 + Level 4.9 Fighting
 - Level 2.4 Dodging
 - Level 1.0 Stealth
 * Level 8.1 Unarmed Combat


You had 6 spell levels left.
You didn't know any spells.
Your spell library contained the following spells:

 Spells                   Type           Power        Failure   Level  Hunger
 Beastly Appendage        Tmut           #.....       45%         1    ##.....
 Sticks to Snakes         Tmut           #.......     58%         2    ###....
 Confusing Touch          Hex            #.......     83%         3    ####...
 Gell's Gravitas          Tloc           #.........   83%         3    ####...
 Spider Form              Tmut/Pois      #.........   83%         3    ####...
 Ice Form                 Ice/Tmut       #.......     99%         4    #####..
 Petrify                  Tmut/Erth      #.......     99%         4    #####..
 Blade Hands              Tmut           #.........   100%        5    ######.
 Metabolic Englaciation   Hex/Ice        #.........   100%        5    ######.
 Yara's Violent Unravell  Hex/Tmut       #.........   100%        5    ######.


Dungeon Overview and Level Annotations

Branches:
Dungeon (5/15)             Temple (0/1) D:4

Altars:
Hepliaklqana
Uskayaw
Vehumet
The Shining One

Annotations:
D:5 Dowan, Menkaure


Innate Abilities, Weirdness & Mutations

You are too large for most types of armour.
You have claws for hands.
Your metabolism is lightning-fast.
You like to eat raw meat.
Your natural rate of healing is unusually fast.
You are covered in fur. (AC +1)
You have extremely tough skin. (AC +3)


Message History

The gnoll is lightly wounded.
The gnoll barely misses you.
Unknown command.
You scratch the gnoll.
The gnoll is heavily wounded.
The gnoll completely misses you. The gnoll hits you but does no damage.
Menkaure calls on the powers of darkness!
Dowan convulses!
The gnoll convulses! x2; Your body is wracked with pain!
* * * LOW HITPOINT WARNING * * *
Dowan casts a spell.
Dowan blinks!
You mangle the gnoll!!
You kill the gnoll!
The gnoll hits you from afar with a cursed +0 spear!
* * * LOW HITPOINT WARNING * * *
Unknown command.
You scratch the quokka zombie.
The quokka zombie is moderately damaged.
The gnoll hits you from afar with a cursed +0 spear.
You die...

. ### #. ###.#
...#####.@.#
#......#Z#.#
#...ยง.g# ##M....#
# ##.....###
#.######..#.....#
#............#..#
####..##.#..#.#..#
...........##....#


You could see Menkaure, a gnoll and a quokka zombie.

Vanquished Creatures
  Pikel (D:4)
  Duvessa (D:5)
  An ice beast (D:5)
  An ogre (D:4)
  A hound (D:2)
  A hound zombie (D:3)
  2 gnolls (D:5)
  7 adders
  2 oozes
  2 worms (D:2)
  2 dart slugs
  4 leopard geckos
  9 orcs (D:3)
  2 giant cockroaches (D:2)
  7 goblins
  7 hobgoblins
  7 jackals
  8 kobolds
  A ball python (D:4)
  4 bats
  10 frilled lizards
  A quokka skeleton (D:4)
  8 rats
89 creatures vanquished.

Vanquished Creatures (others)
  A jelly (D:4)
1 creature vanquished.

Grand Total: 90 creatures vanquished

Notes
Turn   | Place    | Note
-------+----------+-------------------------------------------
     0 | D:1      | MDvedh the Troll Monk began the quest for the Orb.
     0 | D:1      | Reached XP level 1. HP: 22/22 MP: 0/0
    58 | D:1      | Reached XP level 2. HP: 29/29 MP: 1/1
   232 | D:1      | Reached XP level 3. HP: 32/36 MP: 2/2
   283 | D:1      | Reached skill level 4 in Unarmed Combat
   622 | D:2      | Found a radiant altar of Vehumet.
   682 | D:2      | Reached XP level 4. HP: 41/45 MP: 3/3
  1201 | D:3      | Reached skill level 5 in Unarmed Combat
  1215 | D:3      | Reached XP level 5. HP: 53/53 MP: 4/4
  1507 | D:3      | Found a faded altar of an unknown god.
  1597 | D:3      | Became a worshipper of the Shining One
  1597 | D:3      | Reached * piety under the Shining One
  1597 | D:3      | Reached ** piety under the Shining One
  1929 | D:3      | Found a hide-covered altar of Uskayaw.
  2110 | D:4      | Reached *** piety under the Shining One
  2168 | D:4      | Found a hazy altar of Hepliaklqana.
  2293 | D:4      | Noticed an ogre
  2299 | D:4      | Killed an ogre
  2299 | D:4      | Reached XP level 6. HP: 62/62 MP: 5/5
  2370 | D:4      | Found a staircase to the Ecumenical Temple.
  2377 | D:4      | Noticed a slave
  2378 | D:4      | Noticed Pikel
  2378 | D:4      | Noticed a slave
  2378 | D:4      | Noticed a slave
  2379 | D:4      | Noticed a slave
  2425 | D:4      | Killed Pikel
  2425 | D:4      | Reached skill level 7 in Unarmed Combat
  2425 | D:4      | Reached XP level 7. HP: 12/71 MP: 6/6
  2823 | D:5      | Entered Level 5 of the Dungeon
  2833 | D:5      | Noticed Dowan
  2834 | D:5      | Noticed Duvessa
  2838 | D:5      | Noticed Menkaure
  2854 | D:5      | Killed Duvessa
  2854 | D:5      | Reached skill level 8 in Unarmed Combat
  2858 | D:5      | HP: 2/71 [gnoll/cursed +0 spear (8)]
  2859 | D:5      | Slain by a gnoll

Illustrated notes

Levels and vault maps discovered:
D:1:      lightli_arrival_flooded_house, layout_rooms, minmay_misc_feat_rows,
          minmay_lizard_king
D:2:      layout_loops_ring, vehumet_crystals
D:3:      layout_loops_ring, marbit_many_paths,
          chequers_ecumenical_altar_simple_redux, serial_bayou_lake_a
D:4:      layout_loops_cross, lemuel_round_altar,
          minmay_temple_entry_mini_moons, uniq_pikel
D:5:      layout_rooms, lemuel_round_altar, old_standard_altar, first_ration,
          uniq_ijyb, uniq_menkaure, uniq_duvessa

Skill      XL: |  1  2  3  4  5  6  7 |
---------------+----------------------+-----
Unarmed Combat | 4 5 7 8 |  8.1
Fighting       | 3 4 |  4.9
Dodging        | |  2.4
Stealth        | |  1.0

Action                   |  1- 3 |  4- 6 |  7- 9 || total
-------------------------+-------+-------+-------++-------
Melee: Unarmed           |    85 |   126 |    16 ||   227
       Punch             |       |     3 |     1 ||     4
Invok: Divine Shield     |       |     1 |       ||     1
  Use: Potion            |       |     1 |       ||     1
  Eat: Chunk             |    12 |    16 |     1 ||    29
Armor: Robe              |    31 |    40 |    12 ||    83
Dodge: Dodged            |    44 |    57 |    12 ||   113
Block: Other             |       |     7 |       ||     7
